Map: Orbital Shipyard

Players

LilDicky

  • Race: Terran Terran
  • League: Diamond

teaYen - Winner!

  • Race: Terran Terran
  • League: Diamond

VOD

http://www.twitch.tv/tumescentpie

Description

Time

  • Played on: Dec. 25, 2015, 7:55 p.m.
  • Length: 13:09
Show
View Real Time Build Order
Export as new Build Order

LilDicky Terran 

Build Orders: Liberator Opening, Mech 

Get SALT Encoding   

  12  0:01  SCV  
  13  0:14  SCV  
  14  0:18  Supply Depot  
  14  0:26  SCV  
  15  0:34  Refinery  
  15  0:39  SCV  
  16  0:45  Barracks  
  16  0:51  SCV  
  17  1:03  SCV  
  18  1:16  SCV  
  19  1:30  Refinery  
  19  1:32  Marine  
  21  1:34  Orbital Command  
  21  1:38  Supply Depot  
  20  1:45  Factory  
  20  1:52  Marine  
  21  2:10  Marine  
  21  2:14  SCV  
  23  2:26  SCV  
  23  2:27  Marine  
  25  2:30  Factory Tech Lab, Starport  
  25  2:45  Marine  
  25  2:46  SCV  
  27  2:54  Liberator  
  27  2:58  SCV  
  27  2:59  Siege Tank  
  27  3:03  Supply Depot  
  31  3:06  Marine  
  35  3:14  SCV  
  36  3:30  Command Center, Marine  
  37  3:38  Siege Tank  
  40  3:46  Supply Depot  
  40  3:50  SCV  
  40  3:53  Marine  
  42  4:02  Viking  
  45  4:10  SCV  
  45  4:16  Engineering Bay  
  45  4:23  Siege Tank  
  48  4:31  SCV  
  49  4:32  Marine  
  50  4:48  Missile Turret  
  50  4:51  Orbital Command  
  50  4:55  Siege Tank  
  50  4:57  Missile Turret  
  50  4:59  SCV  
  54  5:20  Medivac  
  49  6:07  Marine  
  42  6:36  Liberator  
  42  6:50  SCV, Marine  
  47  6:58  SCV  
  46  7:02  SCV  
  46  7:03  Refinery x2  
  46  7:04  Siege Tank  
  46  7:06  Factory  
  46  7:08  Command Center, Factory  
  50  7:10  SCV  
  50  7:14  SCV  
  52  7:16  Refinery  
  52  7:21  Refinery  
  52  7:22  SCV  
  44  7:26  SCV  
  44  7:29  Marine  
  41  7:34  SCV  
  41  7:36  Barracks x2  
  42  7:38  Missile Turret, Barracks  
  42  7:42  SCV  
  43  7:46  SCV  
  43  7:47  Siege Tank  
  43  7:48  Starport Tech Lab  
  47  7:52  Marine  
  47  7:54  SCV  
  49  7:58  SCV  
  50  8:06  SCV  
  50  8:09  Marine  
  50  8:10  SCV  
  53  8:14  Missile Turret  
  53  8:15  Missile Turret  
  53  8:18  Factory Tech Lab, SCV  
  54  8:20  SCV  
  54  8:25  Factory Reactor  
  55  8:27  Marine  
  56  8:35  Orbital Command  
  56  8:38  SCV  
  57  8:44  Supply Depot  
  57  8:46  Supply Depot  
  57  8:47  Marine x2  
  59  8:50  Cloaking Field  
  59  8:55  Banshee  
  62  8:56  SCV  
  62  8:57  SCV  
  62  9:01  Marine x2  
  66  9:03  SCV  
  66  9:05  Marine  
  66  9:08  SCV  
  66  9:09  SCV  
  72  9:10  Hellion, Widow Mine  
  72  9:15  SCV  
  75  9:18  Siege Tank x2  
  75  9:20  SCV  
  82  9:25  Starport  
  82  9:30  Armory  
  82  9:32  SCV, Armory  
  82  9:34  Marine  
  82  9:35  Marine x2  
  82  9:36  Missile Turret  
  82  9:37  Widow Mine  
  88  9:38  Widow Mine  
  88  9:44  SCV  
  88  9:45  Banshee  
  91  9:57  Siege Tank  
  91  9:58  Siege Tank  
  97  10:04  Starport Reactor  
  97  10:07  Marine x2  
  97  10:08  Marine  
  100  10:16  Hellion x2  
  100  10:20  Missile Turret  
  104  10:27  Marine  
  104  10:28  Sensor Tower, Marine  
  106  10:29  Banshee  
  109  10:47  Supply Depot  
  109  10:48  Supply Depot  
  109  10:49  Supply Depot  
  109  10:56  Terran Vehicle And Ship Armor Level 1, Hellion x2, Siege Tank, Terran Vehicle Weapons Level 1  
  116  10:58  SCV  
  117  11:08  Hellion  
  116  11:19  Marine x4  
  120  11:29  Siege Tank  
  123  11:35  SCV  
  123  11:36  Siege Tank  
  123  11:37  Marine x4  
  123  11:38  Command Center  
  131  11:40  Viking  
  133  11:55  Marine x2  
  133  12:01  Siege Tank  
  133  12:06  Widow Mine x2  
  134  12:08  Siege Tank  
  137  12:18  Missile Turret  
  137  12:24  Missile Turret  
  137  12:37  Missile Turret  
  137  12:38  Missile Turret  
Show
View Real Time Build Order
Export as new Build Order

teaYen Terran - Winner!

Build Orders: Reaper Expand, Bio Tank, MMM Bio 

Get SALT Encoding   

  12  0:01  SCV  
  13  0:13  SCV  
  14  0:22  Supply Depot  
  14  0:25  SCV  
  15  0:43  SCV  
  15  0:45  Barracks  
  15  0:48  Refinery  
  16  0:55  SCV  
  17  1:07  SCV  
  18  1:20  SCV  
  19  1:32  Orbital Command  
  19  1:35  Reaper  
  20  1:45  Command Center  
  20  1:58  SCV  
  21  2:01  Supply Depot  
  21  2:07  Barracks Reactor  
  21  2:10  SCV  
  22  2:24  SCV  
  22  2:26  Barracks  
  23  2:30  Factory  
  23  2:36  SCV  
  24  2:45  Refinery  
  24  2:48  SCV  
  25  2:53  Marine x2  
  25  2:57  Orbital Command  
  27  3:00  SCV  
  28  3:12  SCV  
  28  3:14  Barracks Tech Lab  
  28  3:15  Factory Tech Lab  
  28  3:16  Marine  
  28  3:18  Marine  
  30  3:24  SCV, Starport  
  30  3:25  SCV  
  32  3:32  Marine  
  33  3:34  Marine  
  33  3:36  SCV  
  33  3:37  Stimpack  
  33  3:40  Marine  
  36  3:41  SCV  
  36  3:46  Refinery  
  37  3:48  SCV  
  37  3:51  Marine  
  37  3:54  SCV  
  40  4:00  Siege Tank  
  43  4:04  Marine x2  
  43  4:07  SCV  
  46  4:21  Supply Depot x2, Barracks  
  46  4:22  Barracks  
  46  4:42  SCV x2, Viking, Marine x2  
  46  4:44  Command Center  
  52  4:48  Marine  
  53  4:53  Siege Tank  
  53  4:54  SCV  
  57  5:00  Marine  
  57  5:04  SCV  
  59  5:08  Barracks Reactor  
  59  5:10  SCV  
  59  5:11  Marine x2  
  61  5:15  Supply Depot  
  61  5:26  Bunker  
  54  5:43  Marine  
  54  5:45  Viking  
  54  5:47  Marine x2  
  49  5:57  Orbital Command  
  49  6:00  Marine  
  49  6:04  Siege Tank  
  49  6:05  Marine x2  
  54  6:15  Viking  
  56  6:18  Marine  
  56  6:22  Marine  
  56  6:23  Marine  
  56  6:36  Marine  
  54  6:40  Marine x2  
  55  6:51  Viking  
  52  6:54  Marine  
  52  6:58  Marine x2  
  52  6:59  Barracks x2  
  52  7:12  Marine  
  51  7:16  Marine x2  
  51  7:22  SCV x3  
  42  7:29  Marine, Starport Reactor  
  42  7:34  Combat Shields, Marine x2, SCV x3  
  48  7:46  SCV x2  
  48  7:47  SCV, Marine  
  52  7:52  Marine x2  
  52  7:56  Barracks  
  54  7:58  Barracks Reactor  
  54  8:00  Barracks Reactor  
  54  8:04  Engineering Bay  
  54  8:05  Engineering Bay, Marine  
  54  8:09  Marine  
  54  8:10  SCV x3  
  54  8:12  Factory  
  59  8:13  Refinery  
  59  8:17  Supply Depot  
  59  8:20  Marine  
  59  8:21  Supply Depot, Medivac x2  
  65  8:27  Marine  
  65  8:31  Orbital Command  
  65  8:33  Marauder  
  67  8:35  Marine x2  
  67  8:38  Terran Infantry Weapons Level 1, Terran Infantry Armor Level 1  
  67  8:39  Marine  
  67  8:40  Missile Turret x2  
  67  8:41  Factory  
  70  8:44  SCV  
  70  8:45  SCV, Marine  
  73  8:49  Marine x2  
  73  8:50  Barracks Reactor  
  75  8:56  Marine x3  
  75  8:57  Factory Tech Lab  
  78  9:02  Marine  
  78  9:03  Marine  
  78  9:04  Medivac  
  78  9:09  Marine x2  
  84  9:10  SCV  
  85  9:21  Supply Depot  
  85  9:23  SCV x2, Marine  
  85  9:24  Supply Depot, Factory Tech Lab, Siege Tank, Marauder  
  93  9:42  Marine x4  
  97  9:48  Marine x4  
  97  9:49  Marauder  
  103  10:00  Marine x4  
  103  10:06  Supply Depot  
  107  10:09  Supply Depot  
  107  10:10  Marauder  
  109  10:28  Siege Tank, Marine x5  
  117  10:31  Marine x3  
  117  10:32  Marauder  
  117  10:33  Supply Depot x2, SCV  
  117  10:35  Supply Depot  
  123  10:45  Marine x2  
  125  10:54  Marine x4  
  129  11:00  Command Center  
  129  11:04  SCV x3  
  132  11:12  Marine x3  
  132  11:13  Marauder  
  132  11:16  SCV, Refinery  
  132  11:17  Supply Depot  
  138  11:25  Command Center  
  136  11:31  Armory  
  136  11:35  Refinery  
  136  11:39  Marauder, Marine x4  
  141  11:40  Marine x3  
  141  11:43  Marine  
  146  11:57  Marine  
  146  12:04  Marine x2  
  147  12:09  Medivac  
  147  12:10  Marine x2  
  151  12:22  Marauder, Marine x6  
  157  12:23  Siege Tank x2  
  163  12:43  Marauder  
  127  12:50  Marine  
  127  12:51  Marine x2  
Tags
 
Add a new tag
Caveats
  • Supply blocks, unpowered buildings, or Contaminate may cause inaccurate times.
  • Supply counts are checked every 10 seconds.